 Dungeon Crawl Stone Soup version 0.27.1 (webtiles) character file.

Game seed: 6313233865621618464

517 MajorAdolf the Fighter (level 7, 0/74 HPs)
             Began as a Naga Wanderer on Aug 30, 2021.
             Succumbed to a scorpion's poison
             ... on level 4 of the Dungeon.
             The game lasted 00:08:18 (5287 turns).

MajorAdolf the Fighter (Naga Wanderer)              Turns: 5287, Time: 00:08:19

Health: 0/74       AC:  8    Str: 15    XL:     7   Next: 20%
Magic:  0/0        EV:  5    Int: 15    God:
Gold:   135        SH:  0    Dex: 15    Spells: 6/6 levels left

rFire    . . .     SeeInvis +   a - +3 dagger
rCold    . . .     Faith    .   (no shield)
rNeg     . . .     Spirit   .   h - +0 chain mail
rPois    +         Reflect  .   (no helmet)
rElec    .         Harm     .   m - +1 cloak
rCorr    .         Rampage  .   (no gloves)
Will     +....                  (no barding)
Stlth    ..........             (no amulet)
HPRegen  0.22/turn              s - ring "Lyulium" {Fly Will+ MP-9 Dex+6}
MPRegen  0.07/turn              n - +4 ring of slaying

@: lethally poisoned (0 -> -6), flying, very slow
A: AC +2, large, see invisible, deformed body, poison resistance, slowness 2,
spit poison 1, naga tail 1
a: Spit Poison


You were on level 4 of the Dungeon.
You visited 1 branch of the dungeon, and saw 4 of its levels.

You collected 135 gold pieces.

Inventory:

Hand Weapons
 a - a +3 dagger (weapon)
 c - a +0 falchion
 d - a +0 short sword
Armour
 e - a +0 robe
 h - a +0 chain mail (worn)
 m - a +1 cloak (worn)
Jewellery
 n - a +4 ring of slaying (right hand)
 s - the ring "Lyulium" (left hand) {Fly Will+ MP-9 Dex+6}
   (You found it on level 4 of the Dungeon)

   [ring of flight]

   Dex:       It affects your dexterity (+6).
   MP:        It affects your magic capacity (-9).
   Fly:       It grants you flight.
   Will:      It increases your willpower.
Scrolls
 b - a scroll of fear
 g - a scroll of vulnerability
 j - 2 scrolls of teleportation
 k - 5 scrolls of identify
 p - a scroll of torment {unknown}
Potions
 t - a potion of heal wounds {unknown}


   Skills:
 + Level 8.0 Fighting
 - Level 1.0 Short Blades
 - Level 2.5 Dodging
 - Level 4.4 Stealth


You had 6 spell levels left.
You didn't know any spells.
Your spell library was empty.

Dungeon Overview and Level Annotations

Branches:
Dungeon (4/15)
 Temple: D:4-7

Altars:

Annotations:
D:4 Dowan


Innate Abilities, Weirdness & Mutations

Your serpentine skin is tough. (AC +2)
You have supernaturally acute eyesight. (SInv)
Armour fits poorly on your strangely shaped body.
Your system is resistant to poisons. (rPois)
You cover ground very slowly.
You can spit poison.
You have a snake-like lower body.


Message History

You feel more buoyant. Duvessa barely misses you.
Unknown command.
It was a potion of cancellation.
Your magical effects are unravelling.
You feel magically purged. Duvessa hits you but does no damage.
Unknown command.
It was a potion of curing.
You feel better. Duvessa hits you but does no damage.
Unknown command.
You hit Duvessa.
You kill Duvessa!
You hear a distant wail of despair.
Your Fighting skill increases to level 8!
You have reached level 7!
You hit the ball python.
You kill the ball python!
Dowan seems to find hidden reserves of power!
Dowan gestures wildly while chanting.
Dowan blinks!
The scorpion stings you.
* * * LOW HITPOINT WARNING * * *
You hit the scorpion.
The scorpion is moderately wounded.
The scorpion stings you.
* * * LOW HITPOINT WARNING * * *
Unknown command.
You hit the scorpion.
The scorpion is heavily wounded.
The scorpion stings you.
* * * LOW HITPOINT WARNING * * *
You are lethally poisoned!
The scorpion poisons you!
Unknown command.
You barely miss the scorpion.
The scorpion is heavily wounded.
* * * LOW HITPOINT WARNING * * *
You feel sick. The scorpion barely misses you.
You completely miss the scorpion.
The scorpion is heavily wounded.
You die...

..## ******** ...#
#......## ...# *.#.....#
...# ***,?.....# ******
...# ***,,,*.....# *,,,,*
...#***,,,,*#,....# *,,,,*
.....,^,,***#.,...* *,,,,*
...#..**** *#.#.## **,,,,*
.....#* #..@.#**,,.,,*
...##* ####s##....,,*
...###########...........,*
#.###............##..#...,*
#.# #......#..####*#.#*****
#.###........## *..#*
...........### **..#
#.........##** **.#*****
.............#**** *..,,,,*


You could see a scorpion.

Vanquished Creatures
  Duvessa (D:4)
  A kobold brigand (D:4)
  A scorpion (D:3)
  A howler monkey (D:3)
  A jelly (D:4)
  2 orc priests
  2 orc wizards (D:3)
  4 gnolls (D:3)
  An adder (D:3)
  2 dart slugs (D:1)
  7 orcs
  5 ball pythons
  7 endoplasms
  6 giant cockroaches
  5 hobgoblins
  5 jackals (D:1)
  4 kobolds
  2 quokkas (D:1)
  3 bats
  3 frilled lizards
  7 goblins
  4 rats
74 creatures vanquished.

Notes
Turn   | Place    | Note
-------+----------+-------------------------------------------
     0 | D:1      | MajorAdolf the Naga Wanderer began the quest for the Orb.
     0 | D:1      | MajorAdolf set off with the following items: a +2 dagger, a
                  | scroll of fear, a +0 falchion, a +0 short sword, a +0 robe
     0 | D:1      | Reached XP level 1. HP: 21/21 MP: 1/1
   434 | D:1      | Reached XP level 2. HP: 28/28 MP: 2/2
  1093 | D:1      | Reached XP level 3. HP: 36/36 MP: 3/3
  1152 | D:1      | Reached skill level 4 in Fighting
  2554 | D:2      | Reached XP level 4. HP: 20/45 MP: 4/4
  2939 | D:2      | Reached skill level 5 in Fighting
  3023 | D:3      | Reached XP level 5. HP: 40/52 MP: 5/5
  3666 | D:3      | Reached skill level 6 in Fighting
  4627 | D:3      | Reached XP level 6. HP: 61/63 MP: 6/6
  4849 | D:4      | Identified the ring "Lyulium" {Fly Will+ MP-9 Dex+6}
  4874 | D:4      | Reached skill level 7 in Fighting
  5236 | D:4      | Noticed Duvessa
  5238 | D:4      | Noticed Dowan
  5282 | D:4      | Killed Duvessa
  5283 | D:4      | Reached skill level 8 in Fighting
  5283 | D:4      | Reached XP level 7. HP: 12/74 MP: 0/7
  5286 | D:4      | HP: 2/74 [poisoned by a scorpion]
  5287 | D:4      | Succumbed to a scorpion's poison

Illustrated notes

Levels and vault maps discovered:
D:1:      mushboom_english_gardens, layout_basic
D:2:      layout_loops_cross
D:3:      layout_loops_cross
D:4:      layout_rooms, enter_ossuary_1, uniq_duvessa

Skill      XL: |  1  2  3  4  5  6 |
---------------+-------------------+-----
Fighting       | 4 5 6 8 |  8.0
Short Blades   | |  1.0
Dodging        | |  2.5
Stealth        | |  4.4

Action                   |  1- 3 |  4- 6 |  7- 9 || total
-------------------------+-------+-------+-------++-------
Melee: Dagger            |   167 |   127 |     5 ||   299
 Abil: Spit Poison       |    13 |    25 |       ||    38
  Use: Scroll            |       |     6 |       ||     6
       Potion            |       |     3 |       ||     3
Armor: Chain mail        |    97 |   101 |       ||   198
       Robe              |     1 |       |       ||     1
Dodge: Dodged            |    43 |    33 |     1 ||    77
